Map: Lerilak Crest

Players

lesha - Winner!

  • Race: Terran Terran

A.I. 1 (Elite)

  • Race: Protoss Protoss

VOD

Have the link to the VOD?

Description

Time

  • Played on: Dec. 5, 2015, 11:43 a.m.
  • Length: 21:37
Show
View Real Time Build Order
Export as new Build Order

lesha Terran - Winner!

Build Orders: MMM Bio 

Get SALT Encoding   

  12  0:01  SCV  
  13  0:17  Supply Depot  
  13  0:21  SCV  
  14  0:33  SCV  
  15  0:41  Barracks  
  15  0:45  SCV  
  16  1:01  SCV  
  17  1:13  SCV  
  18  1:20  Command Center  
  18  1:28  Orbital Command  
  18  1:31  Marine  
  19  1:38  Refinery  
  19  1:58  SCV, Supply Depot  
  20  2:07  Refinery  
  20  2:10  SCV, Marine  
  22  2:22  SCV  
  23  2:30  Marine  
  23  2:34  SCV  
  25  2:46  SCV  
  25  2:47  Bunker  
  25  2:49  Orbital Command  
  25  2:58  SCV  
  26  3:10  SCV  
  27  3:16  Factory  
  27  3:19  Barracks  
  27  3:22  Barracks Tech Lab  
  27  3:23  SCV  
  27  3:26  SCV  
  29  3:35  SCV  
  29  3:39  SCV  
  31  3:47  SCV  
  31  3:48  Stimpack  
  32  4:00  SCV  
  32  4:01  SCV  
  34  4:13  Barracks Reactor  
  34  4:16  Starport  
  34  4:33  Supply Depot  
  34  4:35  Supply Depot, Marauder  
  36  4:39  Factory Reactor  
  36  4:41  Factory Tech Lab  
  36  4:51  Engineering Bay  
  36  4:54  Engineering Bay  
  36  4:57  Marine x2  
  36  4:58  Command Center  
  36  4:59  Marauder  
  40  5:03  Siege Tank  
  43  5:09  Starport Reactor  
  43  5:17  SCV x2, Refinery  
  43  5:19  Bunker  
  45  5:29  SCV x2  
  45  5:32  Barracks  
  45  5:34  Barracks  
  47  5:37  Supply Depot x2, Marine x2  
  47  5:38  Barracks, Marauder  
  47  5:39  Supply Depot  
  51  5:55  SCV x2, Marine  
  54  5:59  Marine  
  54  6:00  Marauder  
  54  6:02  Medivac x2  
  61  6:06  Terran Infantry Armor Level 1  
  61  6:07  SCV x2  
  63  6:13  Marine  
  63  6:14  Terran Infantry Weapons Level 1  
  63  6:18  Armory  
  64  6:34  Marine x2  
  64  6:35  Barracks Reactor x2  
  64  6:37  Barracks Tech Lab  
  64  6:39  Combat Shields  
  66  6:42  Marine  
  67  6:51  Refinery, Marine x2  
  69  7:00  Marauder  
  71  7:05  SCV x2  
  71  7:08  Orbital Command  
  73  7:17  SCV x2  
  73  7:19  Supply Depot  
  73  7:20  Supply Depot  
  75  7:25  Marine x5  
  75  7:26  Marine x2  
  75  7:27  Marauder  
  84  7:30  Medivac  
  86  7:42  Supply Depot  
  88  7:44  Supply Depot, Marauder  
  88  7:48  Marauder  
  90  7:53  Marine x5  
  90  7:54  Marine  
  90  7:58  Concussive Shells  
  96  8:03  Terran Infantry Armor Level 2  
  96  8:08  Terran Infantry Weapons Level 2  
  96  8:12  Marauder x2  
  100  8:13  Marine x3  
  100  8:14  Marine x3  
  106  8:23  Medivac  
  106  8:24  Medivac  
  110  8:31  Marine x4  
  110  8:32  Marine x2  
  110  8:33  Marauder  
  110  8:34  Marauder  
  120  8:47  Command Center  
  120  8:49  Marine x6  
  120  8:54  Marauder  
  107  9:22  Marine x6  
  100  9:36  Marine x2  
  104  9:39  Marine  
  104  9:42  Thor  
  109  9:47  Marine x5  
  114  9:54  Marauder  
  114  9:55  Marauder  
  114  9:57  Marine  
  119  10:09  Marine x5  
  119  10:12  Medivac  
  119  10:13  Medivac  
  128  10:15  Marine  
  128  10:16  Marauder x2  
  133  10:24  Thor  
  133  10:26  Barracks x2  
  133  10:28  Terran Infantry Weapons Level 3  
  139  10:30  Barracks  
  139  10:31  Terran Infantry Armor Level 3  
  139  10:32  Barracks  
  139  10:34  SCV  
  139  10:35  SCV x3  
  143  10:42  Medivac  
  143  10:43  Medivac  
  143  10:46  SCV  
  148  11:03  Supply Depot  
  148  11:04  Supply Depot  
  148  11:06  Supply Depot x2  
  148  11:07  Supply Depot  
  148  11:09  Orbital Command  
  148  11:24  Marine x7  
  155  11:29  Barracks Reactor x3  
  155  11:30  Barracks Tech Lab  
  155  11:31  Barracks Tech Lab  
  98  11:55  Starport  
  98  11:58  Starport  
  98  12:04  Marine x6  
  98  12:05  Marine x3  
  98  12:06  Marine x2, Marauder x2  
  98  12:07  Medivac x2  
  117  12:20  Marine  
  117  12:21  Marine x2  
  120  12:23  Marauder  
  120  12:27  Marauder  
  124  12:37  Medivac  
  126  12:47  SCV x3  
  126  12:48  SCV  
  130  12:59  Command Center, SCV x2  
  130  13:00  SCV  
  133  13:06  SCV  
  133  13:07  Refinery  
  133  13:08  Refinery  
  133  13:11  SCV, Starport Reactor x2  
  135  13:25  Marine x5  
  135  13:26  Marine x6  
  146  13:27  Marauder x2  
  146  13:28  Marine, Marauder  
  146  13:31  Thor  
  146  13:32  Medivac x2  
  163  13:43  Marine x5  
  168  13:49  Marauder x2  
  172  14:02  Medivac  
  174  14:07  Supply Depot  
  174  14:09  Supply Depot x2  
  158  14:38  Marine x5  
  153  14:39  Marauder  
  153  14:40  Marine x3, Marauder x2  
  153  14:41  Medivac x2  
  153  14:42  Medivac x3  
  153  14:43  Medivac  
  173  15:01  Marauder  
  167  15:11  Medivac  
  160  15:24  Marine  
  160  15:25  Marine x3  
  160  15:26  Marauder x2  
  160  15:27  Medivac x4  
  160  15:28  Medivac  
  178  15:30  Marine x2  
  178  15:31  Marine x3  
  183  15:40  Marine x4  
  183  15:41  Medivac  
  183  15:42  Marine x2  
  191  15:50  Marine x4  
  191  15:51  Marine x5  
  194  16:15  Thor  
  198  16:36  Marine x2  
  198  17:01  Marine x2  
  185  18:20  Medivac  
  185  18:21  Medivac x5  
  195  18:34  Command Center  
  193  19:31  Orbital Command  
  176  20:37  Refinery  
  176  20:40  Refinery  
  175  21:09  Command Center  
Show
View Real Time Build Order
Export as new Build Order

A.I. 1 (Elite) Protoss 

Build Orders: Zealot Archon 

Get SALT Encoding   

  12  0:01  Probe (Chrono Boost)  
  13  0:11  Probe (Chrono Boost)  
  14  0:20  Pylon  
  14  0:22  Probe (Chrono Boost)  
  15  0:39  Probe (Chrono Boost)  
  16  0:47  Assimilator  
  16  0:49  Probe (Chrono Boost)  
  17  0:50  Gateway  
  17  0:59  Pylon  
  17  1:00  Probe (Chrono Boost)  
  18  1:10  Probe (Chrono Boost)  
  19  1:21  Probe (Chrono Boost)  
  20  1:31  Probe (Chrono Boost)  
  21  1:36  Gateway  
  21  1:37  Zealot  
  21  1:39  Cybernetics Core  
  23  1:43  Probe (Chrono Boost)  
  24  1:48  Pylon  
  25  1:54  Probe (Chrono Boost)  
  25  2:03  Zealot  
  25  2:06  Probe (Chrono Boost)  
  28  2:09  Warp Gate  
  28  2:14  Assimilator  
  28  2:18  Probe (Chrono Boost)  
  29  2:23  Adept  
  29  2:28  Adept  
  29  2:29  Probe (Chrono Boost)  
  34  2:37  Pylon  
  34  2:41  Probe (Chrono Boost)  
  35  2:49  Adept  
  38  2:53  Probe (Chrono Boost)  
  38  2:54  Sentry  
  40  3:04  Probe (Chrono Boost)  
  40  3:16  Probe (Chrono Boost)  
  40  3:19  Nexus  
  41  3:26  Stalker  
  42  3:28  Probe (Chrono Boost)  
  44  3:39  Probe (Chrono Boost)  
  45  3:47  Robotics Facility  
  45  3:51  Probe (Chrono Boost)  
  46  4:02  Probe (Chrono Boost)  
  47  4:04  Pylon  
  47  4:22  Adept x2  
  47  4:23  Probe (Chrono Boost)  
  53  4:32  Probe (Chrono Boost)  
  53  4:34  Immortal  
  53  4:35  Probe (Chrono Boost)  
  58  4:43  Probe (Chrono Boost)  
  58  4:44  Stalker  
  61  4:47  Probe (Chrono Boost)  
  61  4:50  Pylon  
  62  4:55  Probe (Chrono Boost)  
  62  4:56  Stalker  
  62  4:58  Probe (Chrono Boost)  
  66  5:06  Probe (Chrono Boost)  
  67  5:09  Robotics Facility  
  67  5:10  Probe (Chrono Boost)  
  67  5:12  Stalker  
  70  5:17  Immortal, Probe (Chrono Boost)  
  72  5:21  Probe (Chrono Boost)  
  76  5:28  Twilight Council  
  76  5:37  Pylon  
  76  5:44  Gateway  
  76  5:50  Assimilator  
  76  5:55  Probe (Chrono Boost), Assimilator  
  76  5:56  Probe (Chrono Boost)  
  78  5:57  Pylon  
  78  6:06  Templar Archives, Probe (Chrono Boost)  
  79  6:12  Probe (Chrono Boost)  
  79  6:15  Zealot  
  79  6:17  Probe (Chrono Boost)  
  83  6:20  Pylon  
  83  6:24  Probe (Chrono Boost)  
  84  6:26  Zealot  
  84  6:28  Probe (Chrono Boost)  
  87  6:34  Stalker  
  87  6:35  Probe (Chrono Boost)  
  87  6:37  Nexus  
  87  6:38  Stalker  
  92  6:42  Pylon  
  92  6:45  High Templar  
  94  6:55  High Templar  
  94  6:59  Zealot  
  94  7:00  Forge  
  98  7:06  Pylon, Archon  
  98  7:09  Observer  
  98  7:10  Forge  
  98  7:14  Stalker  
  101  7:16  Gateway  
  101  7:17  Sentry  
  103  7:25  High Templar  
  105  7:30  Pylon  
  105  7:31  Protoss Ground Weapons Level 1  
  105  7:36  Stalker  
  107  7:37  Pylon  
  107  7:39  High Templar  
  109  7:49  Probe (Chrono Boost)  
  109  7:50  Probe x2 (Chrono Boost)  
  112  7:52  Psionic Storm  
  112  7:58  Nexus, Assimilator  
  112  7:59  Archon  
  112  8:01  Probe (Chrono Boost)  
  112  8:02  Probe x2 (Chrono Boost)  
  112  8:03  Assimilator  
  115  8:12  Probe (Chrono Boost)  
  117  8:13  Probe (Chrono Boost), High Templar  
  117  8:15  Probe (Chrono Boost)  
  120  8:23  Probe (Chrono Boost)  
  120  8:25  Probe (Chrono Boost)  
  120  8:26  Probe (Chrono Boost), Protoss Ground Armor Level 1  
  123  8:27  High Templar  
  123  8:31  Photon Cannon  
  126  8:35  Probe (Chrono Boost), Pylon  
  126  8:37  Probe x2 (Chrono Boost)  
  128  8:41  Pylon  
  128  8:43  High Templar  
  128  8:46  Probe (Chrono Boost)  
  132  8:48  Probe (Chrono Boost)  
  132  8:49  Gateway  
  132  8:53  High Templar  
  132  8:54  Zealot  
  132  8:55  Photon Cannon  
  136  8:57  Stalker  
  136  9:00  Photon Cannon  
  136  9:01  Archon  
  138  9:06  Photon Cannon  
  138  9:08  Pylon  
  138  9:11  Probe (Chrono Boost)  
  138  9:13  Zealot x2  
  131  9:18  Zealot  
  131  9:20  Assimilator  
  131  9:22  Pylon  
  131  9:23  Sentry  
  105  9:31  Zealot  
  105  9:32  Zealot, Photon Cannon  
  105  9:36  High Templar  
  111  9:39  Observer  
  111  9:42  Zealot, Photon Cannon  
  111  9:44  Adept  
  116  9:50  Adept, Zealot, Photon Cannon  
  120  9:53  Archon  
  120  9:55  Charge  
  120  10:01  Adept  
  120  10:02  Pylon, Zealot  
  120  10:05  Sentry  
  126  10:08  Stalker, Adept  
  126  10:10  Warp Prism  
  132  10:16  Protoss Ground Weapons Level 2  
  132  10:19  Sentry  
  132  10:21  Zealot, Photon Cannon  
  136  10:27  Stalker, Zealot  
  140  10:29  Photon Cannon  
  140  10:30  Sentry  
  142  10:38  Photon Cannon  
  142  10:39  High Templar  
  142  10:41  Zealot  
  146  10:46  Warp Prism, High Templar  
  146  10:48  Zealot  
  146  10:49  Observer  
  153  10:51  Zealot  
  153  10:52  Archon  
  153  10:53  Photon Cannon  
  155  10:57  Nexus  
  155  11:00  Zealot  
  157  11:07  Zealot  
  157  11:09  High Templar  
  157  11:10  Zealot  
  163  11:13  Immortal  
  163  11:16  Stalker  
  169  11:18  Zealot  
  169  11:23  Photon Cannon  
  171  11:26  Zealot  
  171  11:27  Gateway  
  171  11:30  Zealot  
  171  11:31  Robotics Facility  
  171  11:32  Immortal  
  175  11:37  Stalker, High Templar  
  175  11:39  Zealot  
  151  11:44  Zealot  
  115  11:49  Stalker  
  99  11:58  Zealot  
  99  11:59  Stalker  
  103  12:03  Stalker  
  103  12:07  Adept  
  107  12:10  Sentry, Stargate  
  109  12:16  Sentry  
  109  12:20  Zealot x2  
  109  12:21  Pylon  
  115  12:24  High Templar  
  115  12:25  Zealot  
  119  12:31  Adept  
  121  12:37  Protoss Ground Armor Level 2, Zealot  
  121  12:38  Zealot  
  121  12:39  Protoss Ground Weapons Level 3, Zealot  
  121  12:43  High Templar  
  129  12:47  Archon  
  129  12:48  Zealot  
  131  12:52  Sentry, Photon Cannon  
  131  12:54  Pylon  
  131  12:56  Stalker, High Templar  
  131  12:57  Zealot  
  139  13:04  Forge  
  139  13:07  Stalker  
  141  13:13  Stalker, High Templar  
  141  13:14  Archon  
  141  13:15  High Templar  
  141  13:17  Stalker  
  141  13:18  Nexus, Photon Cannon  
  149  13:21  Photon Cannon  
  149  13:27  Adept  
  151  13:28  Sentry  
  151  13:29  Archon  
  153  13:34  Stalker  
  153  13:39  Stalker  
  157  13:42  High Templar  
  157  13:44  Stalker  
  157  13:45  High Templar  
  163  13:50  Stalker  
  163  13:53  Assimilator  
  163  13:55  Assimilator  
  165  13:56  Stalker  
  165  13:59  Stalker  
  165  14:01  Archon  
  165  14:02  Blink  
  169  14:05  Assimilator  
  169  14:06  High Templar  
  171  14:11  Photon Cannon, High Templar  
  171  14:12  Stalker  
  171  14:13  Immortal, Photon Cannon  
  171  14:15  Stalker  
  181  14:17  Zealot, Photon Cannon  
  181  14:21  Zealot  
  181  14:22  Probe (Chrono Boost)  
  173  14:28  Pylon  
  173  14:30  Probe (Chrono Boost), Photon Cannon  
  149  14:34  High Templar  
  149  14:35  Adept  
  149  14:36  Zealot  
  149  14:37  Zealot  
  122  14:40  Zealot  
  122  14:41  Zealot  
  110  14:48  Probe (Chrono Boost)  
  110  14:51  Probe (Chrono Boost)  
  110  14:54  Sentry  
  110  14:55  Zealot, High Templar  
  106  15:11  Nexus  
  106  15:13  Adept  
  108  15:17  Probe (Chrono Boost)  
  108  15:19  Probe (Chrono Boost)  
  96  15:24  Stalker  
  96  15:27  Adept  
  99  15:29  Probe (Chrono Boost)  
  99  15:31  Stalker  
  99  15:34  Stalker  
  103  15:38  Stalker, Sentry  
  107  15:44  Zealot  
  107  15:45  High Templar, Archon  
  111  15:52  Zealot  
  111  15:55  Zealot  
  115  15:59  Zealot x2  
  115  16:02  High Templar  
  107  16:09  Zealot x3  
  107  16:10  Zealot  
  107  16:11  Probe (Chrono Boost)  
  83  16:13  Zealot  
  83  16:14  Sentry  
  77  16:27  Stalker, Sentry, High Templar  
  77  16:28  Zealot  
  77  16:31  Zealot  
  82  16:35  Stalker, Probe (Chrono Boost)  
  82  16:39  Probe (Chrono Boost)  
  85  16:41  Nexus  
  85  16:46  Sentry  
  77  16:48  Zealot, High Templar  
  77  16:49  Zealot  
  81  16:55  High Templar  
  81  16:56  Stalker  
  60  17:03  Zealot  
  60  17:04  Stalker  
  60  17:05  Probe (Chrono Boost)  
  60  17:06  Adept, Pylon, High Templar  
  60  17:07  Probe (Chrono Boost)  
  60  17:08  Sentry  
  60  17:16  Pylon  
  60  17:17  Adept  
  60  17:19  Probe (Chrono Boost)  
  60  17:20  Probe (Chrono Boost)  
  60  17:21  Nexus  
  61  17:23  Probe (Chrono Boost), High Templar  
  61  17:24  Probe (Chrono Boost)  
  61  17:25  Stalker  
  61  17:26  Zealot  
  69  17:30  Pylon  
  69  17:35  Stalker  
  51  17:55  High Templar  
  33  18:14  Stalker, Adept, Zealot, High Templar  
  40  18:21  High Templar  
  33  18:51  High Templar  
  30  19:56  Nexus  
  16  21:01  Nexus  
Tags
 
Add a new tag
Caveats
  • Supply blocks, unpowered buildings, or Contaminate may cause inaccurate times.
  • Supply counts are checked every 10 seconds.